Description

Macro opening stalker sentry expand.

Build Order

Why is there no SALT encoding or Overwolf build?

  12    Probe  
  13    Probe  
  14    Pylon  
  15    Probe  
  16  0:39  Gateway, Probe (Chrono Boost)  Chrono him AFTER assimilator is built(Just catches the end of this probe)
  16  0:45  Assimilator  Send him to mine minerals.
  17    Probe  
  18  0:58  Assimilator  
  19  1:08  Gateway (Chrono Boost)  Scout for cannon rush before this gate. Then mine gas.
  21  1:26  Cybernetics Core  Send him to scout
  21  1:33  Pylon  2nd Pylon at natural (Scout with this probe)
  23  1:46  Pylon  3rd Pylon Near main nexus
  24  2:00  Sentry, Stalker  
    2:25  Action  Pylon Block enemy ramp(cancel when you see units)
  29  2:34  Nexus  
      Action  Shadowboxing moment (did they go 2 stalker?, make stalkers)
      Action  
  31  2:54  Forge  If there is no pressure
    3:00  Action  Hallucination scout, check expand first, then tech
    3:17  Shield Battery x2  Main and Nat
  33  3:20  Stalker x2  
    3:48  Robotics Facility  Place IN MAIN(If enemy SG do Twilight instead)
  43  4:00  Action  Warpgate Tech finishes
      Action  From here the early game ends, and we macro
  47  4:20  Pylon x2  Behind nat, and cliff of main
    4:34  Assimilator x2  
  49  4:39  Immortal  
  54  4:41  Twilight Council  
      Gateway x4  Go to 6 MINIMUM before taking 3rd (8 gates = 2B all in)
Spawning Tool Build Advisor. Get it on Overwolf

Go to:

Details

  • Created by: Hoplite111
  • Published on: Dec 29, 2018
  • Modified on: Dec 29, 2018
  • Patch: 4.7.1
Show

Export as new Build Order

Comments (0)

There are no comments. Be the first!

Create an account to comment!